MID
GREENSBORO GRASSHOPPERS @ WEST VIRGINIA POWER
09/19/2048
 
TOP OF THE 1ST
Greensboro Grasshoppers batting - Pitching for West Virginia Power : LHP Alfredo Carranza
Pitching: LHP Alfredo Carranza
Batting: RHB Harrie de Kam 0-0: Called Strike
0-1: Ground out 4-3 (Groundball, 4MD, EV 103.8 MPH)
Batting: RHB Rafael Irizarry 0-0: Ball
1-0: Foul Ball, location: 2F
1-1: Fly out, F8 (Flyball, 8RM, EV 93.1 MPH)
Batting: RHB Nate Crofts 0-0: Ball
1-0: Ball
2-0: Swinging Strike
2-1: Swinging Strike
2-2: Ground out 5-3 (Groundball, 56, EV 86.2 MPH)
Top of the 1st over - 0 runs, 0 hits, 0 errors, 0 left on base; Greensboro 0 - West Virginia 0
BOTTOM OF THE 1ST
West Virginia Power batting - Pitching for Greensboro Grasshoppers : RHP Adam Brown
Pitching: RHP Adam Brown
Batting: RHB Melvin Durland 0-0: Foul Ball, location: 2F
0-1: Ball
1-1: Ground out 2-3 (Groundball, 15S, EV 70.0 MPH)
Batting: RHB Chris McCoy 0-0: Called Strike
0-1: Ball
1-1: Ground out 6-3 (Groundball, 6, EV 83.1 MPH)
Batting: RHB Alain Marquet 0-0: Called Strike
0-1: Called Strike
0-2: Strikes out looking
Bottom of the 1st over - 0 runs, 0 hits, 0 errors, 0 left on base; Greensboro 0 - West Virginia 0
TOP OF THE 2ND
Greensboro Grasshoppers batting - Pitching for West Virginia Power : LHP Alfredo Carranza
Batting: LHB Ryan Karg 0-0: Ball
1-0: Ball
2-0: Ball
3-0: Swinging Strike
3-1: Fly out, F8 (Flyball, 78S, EV 79.4 MPH)
Batting: LHB Justin Blakely 0-0: Called Strike
0-1: Ball
1-1: Called Strike
1-2: Ball
2-2: SINGLE (Groundball, 4MD, EV 95.6 MPH)
Batting: LHB Ryan Thompson 0-0: Called Strike
0-1: Ball
1-1: Called Strike
1-2: Strikes out swinging
Batting: RHB Dennis Coppolino 0-0: Foul Ball, location: 2F
0-1: Called Strike
0-2: Ball
1-2: Strikes out looking
Top of the 2nd over - 0 runs, 1 hit, 0 errors, 1 left on base; Greensboro 0 - West Virginia 0
BOTTOM OF THE 2ND
West Virginia Power batting - Pitching for Greensboro Grasshoppers : RHP Adam Brown
Batting: RHB Terry Sutherland 0-0: Ball
1-0: Ball
2-0: Ball
3-0: Called Strike
3-1: Swinging Strike
3-2: Strikes out swinging
Batting: RHB Jordan Robinson 0-0: Called Strike
0-1: Foul Ball, location: 2F
0-2: Ball
1-2: Fly out, F8 (Flyball, 89M, EV 93.1 MPH)
Batting: RHB Rick Pittman 0-0: Swinging Strike
0-1: Ground out 4-3 (Groundball, 4, EV 101.2 MPH)
Bottom of the 2nd over - 0 runs, 0 hits, 0 errors, 0 left on base; Greensboro 0 - West Virginia 0
TOP OF THE 3RD
Greensboro Grasshoppers batting - Pitching for West Virginia Power : LHP Alfredo Carranza
Batting: LHB Jose Cabello 0-0: Called Strike
0-1: Ball
1-1: Foul Ball, location: 2F
1-2: Ball
2-2: Foul Ball, location: 2F
2-2: Strikes out looking
Batting: RHB Nick Dunton 0-0: Called Strike
0-1: Ball
1-1: Called Strike
1-2: Strikes out swinging
Batting: RHB Harrie de Kam 0-0: Foul Ball, location: 2F
0-1: Ball
1-1: Ball
2-1: Fly out, F5 (Line Drive, 5, EV 67.5 MPH)
Top of the 3rd over - 0 runs, 0 hits, 0 errors, 0 left on base; Greensboro 0 - West Virginia 0
BOTTOM OF THE 3RD
West Virginia Power batting - Pitching for Greensboro Grasshoppers : RHP Adam Brown
Batting: RHB Nick Wilkins 0-0: Ball
1-0: Fly out, F8 (Flyball, 8RXD, EV 78.8 MPH)
Batting: RHB Chris Beckham 0-0: Ball
1-0: Called Strike
1-1: SINGLE (Groundball, 4D, EV 107.5 MPH)
Batting: RHB Brian Moore 0-0: SINGLE (Groundball, 13, EV 82.5 MPH) (infield hit)
Chris Beckham to second
Batting: RHB Melvin Durland 0-0: Ball
1-0: Fly out, F8 (Line Drive, 8RD, EV 91.2 MPH)
Batting: RHB Chris McCoy 0-0: Called Strike
0-1: Fly out, F8 (Flyball, 8RD, EV 91.9 MPH)
Bottom of the 3rd over - 0 runs, 2 hits, 0 errors, 2 left on base; Greensboro 0 - West Virginia 0
TOP OF THE 4TH
Greensboro Grasshoppers batting - Pitching for West Virginia Power : LHP Alfredo Carranza
Batting: RHB Rafael Irizarry 0-0: Swinging Strike
0-1: Ball
1-1: Swinging Strike
1-2: Foul Ball, location: 2F
1-2: TRIPLE (Flyball, 7D, EV 96.2 MPH)
Batting: RHB Nate Crofts 0-0: Called Strike
0-1: Ball
1-1: Ball
2-1: Ball
3-1: Called Strike
3-2: Strikes out swinging
Batting: LHB Ryan Karg 0-0: Ball
1-0: Ball
2-0: Called Strike
2-1: Swinging Strike
2-2: SINGLE (Groundball, 4, EV 103.1 MPH)
Rafael Irizarry scores
Batting: LHB Justin Blakely 0-0: Called Strike
0-1: Called Strike
0-2: Ball
1-2: Foul Ball, location: 2F
1-2: Strikes out swinging
Batting: LHB Ryan Thompson 0-0: Swinging Strike
0-1: Foul Ball, location: 2F
0-2: Foul Ball, location: 2F
0-2: Strikes out swinging
Top of the 4th over - 1 run, 2 hits, 0 errors, 1 left on base; Greensboro 1 - West Virginia 0
BOTTOM OF THE 4TH
West Virginia Power batting - Pitching for Greensboro Grasshoppers : RHP Adam Brown
Batting: RHB Alain Marquet 0-0: Ball
1-0: Ball
2-0: Ball
3-0: Base on Balls
Pitching: RHP Joe Lynn
Batting: RHB Terry Sutherland 0-0: Ball
Alain Marquet is caught stealing 2nd base 2-4
1-0: Called Strike
1-1: Foul Ball, location: 2F
1-2: Strikes out looking
Batting: RHB Jordan Robinson 0-0: Ball
1-0: Ground out 6-3 (Groundball, 6, EV 76.2 MPH)
Bottom of the 4th over - 0 runs, 0 hits, 0 errors, 0 left on base; Greensboro 1 - West Virginia 0
TOP OF THE 5TH
Greensboro Grasshoppers batting - Pitching for West Virginia Power : LHP Alfredo Carranza
Batting: RHB Dennis Coppolino 0-0: SINGLE (Groundball, 6MD, EV 97.5 MPH)
Batting: LHB Jose Cabello 0-0: Fielders Choice at 2nd, 3-6 (Groundball, 3, EV 77.5 MPH)
Batting: RHB Nick Dunton 0-0: Ball
1-0: Ball
2-0: Called Strike
2-1: Swinging Strike
2-2: Ball
3-2: Fielders Choice at 2nd, 4-6 (Groundball, 4, EV 87.5 MPH)
Batting: RHB Harrie de Kam 0-0: Ball
1-0: Called Strike
1-1: Called Strike
1-2: Ball
2-2: Ball
3-2: Ground out U3 (Groundball, 3, EV 106.9 MPH)
Top of the 5th over - 0 runs, 1 hit, 0 errors, 1 left on base; Greensboro 1 - West Virginia 0
BOTTOM OF THE 5TH
West Virginia Power batting - Pitching for Greensboro Grasshoppers : RHP Joe Lynn
Batting: RHB Rick Pittman 0-0: Ball
1-0: Ground out 6-3 (Groundball, 6, EV 108.8 MPH)
Batting: RHB Nick Wilkins 0-0: Ball
1-0: Ball
2-0: Ball
3-0: Base on Balls
Batting: RHB Chris Beckham 0-0: Ball
1-0: Grounds into double play, 4-6-3 (Groundball, 34D, EV 84.4 MPH)
Bottom of the 5th over - 0 runs, 0 hits, 0 errors, 0 left on base; Greensboro 1 - West Virginia 0
TOP OF THE 6TH
Greensboro Grasshoppers batting - Pitching for West Virginia Power : LHP Alfredo Carranza
Batting: RHB Rafael Irizarry 0-0: Called Strike
0-1: Fly out, F8 (Flyball, 8RD, EV 91.2 MPH)
Batting: RHB Nate Crofts 0-0: Ball
1-0: Ball
2-0: Called Strike
2-1: Ball
3-1: Foul Ball, location: 2F
3-2: Fly out, F7 (Flyball, 7LS, EV 80.0 MPH)
Batting: LHB Ryan Karg 0-0: Ball
1-0: Called Strike
1-1: Fly out, F8 (Flyball, 8LM, EV 94.4 MPH)
Top of the 6th over - 0 runs, 0 hits, 0 errors, 0 left on base; Greensboro 1 - West Virginia 0
BOTTOM OF THE 6TH
West Virginia Power batting - Pitching for Greensboro Grasshoppers : RHP Joe Lynn
Batting: RHB Brian Moore 0-0: Ball
1-0: Ball
2-0: Ball
3-0: Called Strike
3-1: Foul Ball, location: 2F
3-2: Base on Balls
Pitching: RHP Mike Yorke
Batting: RHB Melvin Durland 0-0: Ball
1-0: Foul Ball, location: 2F
1-1: Ball
2-1: Ball
3-1: Swinging Strike
3-2: SINGLE (Groundball, 56D, EV 103.8 MPH)
Brian Moore to second
Batting: RHB Chris McCoy 0-0: Called Strike
0-1: Fielders Choice at 2nd, 4-6 (Groundball, 4, EV 84.4 MPH)
Brian Moore to third
Batting: RHB Alain Marquet 0-0: Ball
1-0: Ball
Chris McCoy steals 2nd base
2-0: Called Strike
2-1: Ball
3-1: Base on Balls
Batting: RHB Terry Sutherland 0-0: Ball
1-0: Ball
2-0: Called Strike
2-1: Ball
3-1: Base on Balls
Brian Moore scores
Chris McCoy to third
Alain Marquet to second
Pitching: RHP Dan Durand
Batting: RHB Jordan Robinson 0-0: Ball
Wild Pitch!
Chris McCoy scores
Alain Marquet to third
Terry Sutherland to second
1-0: Ball
2-0: Called Strike
2-1: 3-RUN HOME RUN (Line Drive, 8LXD, EV 113.8 MPH), Distance : 434 ft
Batting: RHB Rick Pittman 0-0: Ball
1-0: Ball
2-0: Foul Ball, location: 2F
2-1: Swinging Strike
2-2: Foul Ball, location: 2F
2-2: SINGLE (Groundball, 6MD, EV 101.9 MPH)
Batting: RHB Nick Wilkins 0-0: Grounds into double play, 6-4-3 (Groundball, 6, EV 110.0 MPH)
Bottom of the 6th over - 5 runs, 3 hits, 0 errors, 0 left on base; Greensboro 1 - West Virginia 5
TOP OF THE 7TH
Greensboro Grasshoppers batting - Pitching for West Virginia Power : LHP Alfredo Carranza
Pitching: LHP Hujime Ishida
Batting: LHB Justin Blakely 0-0: Ball
1-0: Fly out, F4 (Line Drive, 4, EV 67.5 MPH)
Batting: LHB Ryan Thompson 0-0: Fly out, F5 (Popup, 6S, EV 80.6 MPH)
Batting: RHB Dennis Coppolino 0-0: Called Strike
0-1: Called Strike
0-2: Ball
1-2: Ball
2-2: Strikes out swinging
Top of the 7th over - 0 runs, 0 hits, 0 errors, 0 left on base; Greensboro 1 - West Virginia 5
BOTTOM OF THE 7TH
West Virginia Power batting - Pitching for Greensboro Grasshoppers : RHP Dan Durand
Batting: RHB Chris Beckham 0-0: Ball
1-0: Ball
2-0: Ball
3-0: Called Strike
3-1: Foul Ball, location: 2F
3-2: Base on Balls
Batting: RHB Brian Moore 0-0: Called Strike
Chris Beckham steals 2nd base
0-1: Called Strike
0-2: Ball
1-2: Ball
2-2: SINGLE (Groundball, 56D, EV 107.5 MPH)
Chris Beckham to third
Pitching: RHP Bill Padgett
Batting: RHB Melvin Durland 0-0: Swinging Strike
Passed Ball!
Chris Beckham scores
Brian Moore to second
0-1: Ball
1-1: Fly out, F9 (Flyball, 9LMF, EV 106.2 MPH)
Runner from 2nd tags up, SAFE at 3rd, no throw by RF
Batting: RHB Chris McCoy 0-0: Ball
1-0: Ball
2-0: Called Strike
2-1: Ball
3-1: Base on Balls
Batting: RHB Alain Marquet 0-0: 3-RUN HOME RUN (Flyball, 78XD, EV 101.9 MPH), Distance : 416 ft
Batting: RHB Terry Sutherland 0-0: Fly out, F8 (Flyball, 8LM, EV 80.0 MPH)
Batting: RHB Jordan Robinson 0-0: Called Strike
0-1: SINGLE (Line Drive, 6D, EV 98.8 MPH)
Batting: RHB Rick Pittman 0-0: Foul Ball, location: 2F
0-1: Ball
Jordan Robinson steals 2nd base
1-1: Ball
2-1: Called Strike
2-2: Ball
3-2: Ground out 4-3 (Groundball, 4, EV 103.8 MPH)
Bottom of the 7th over - 4 runs, 3 hits, 0 errors, 1 left on base; Greensboro 1 - West Virginia 9
TOP OF THE 8TH
Greensboro Grasshoppers batting - Pitching for West Virginia Power : LHP Hujime Ishida
Batting: LHB Jose Cabello 0-0: Ground out 3-1 (Groundball, 34S, EV 75.6 MPH)
Batting: RHB Nick Dunton 0-0: Foul Ball, location: 2F
0-1: Ball
1-1: Called Strike
1-2: Ball
2-2: Strikes out swinging
Batting: RHB Harrie de Kam 0-0: Ball
1-0: Ball
2-0: Called Strike
2-1: Fly out, F5 (Line Drive, 5, EV 74.4 MPH)
Top of the 8th over - 0 runs, 0 hits, 0 errors, 0 left on base; Greensboro 1 - West Virginia 9
BOTTOM OF THE 8TH
West Virginia Power batting - Pitching for Greensboro Grasshoppers : RHP Bill Padgett
Pitching: RHP Felix Moreno
Batting: RHB Nick Wilkins 0-0: Swinging Strike
0-1: Swinging Strike
0-2: Strikes out looking
Batting: RHB Chris Beckham 0-0: Ball
1-0: Ground out 4-3 (Groundball, 4, EV 86.9 MPH)
Batting: RHB Brian Moore 0-0: Ball
1-0: Called Strike
1-1: Ball
2-1: SINGLE (Groundball, 4MD, EV 101.9 MPH)
Batting: RHB Melvin Durland 0-0: Foul Ball, location: 2F
0-1: DOUBLE (Flyball, 89D, EV 103.8 MPH)
Brian Moore to third
Runner from 3rd tries for Home, SAFE, no throw by RF
Batting: RHB Chris McCoy 0-0: Ground out 3-1 (Groundball, 34S, EV 83.8 MPH)
Bottom of the 8th over - 1 run, 2 hits, 0 errors, 1 left on base; Greensboro 1 - West Virginia 10
TOP OF THE 9TH
Greensboro Grasshoppers batting - Pitching for West Virginia Power : LHP Hujime Ishida
Batting: RHB Rafael Irizarry 0-0: Called Strike
0-1: Ball
1-1: Ball
2-1: Foul Ball, location: 2F
2-2: Strikes out swinging
Batting: RHB Nate Crofts 0-0: Ball
1-0: Called Strike
1-1: Ball
2-1: Foul Ball, location: 2F
2-2: SOLO HOME RUN (Flyball, 7D, EV 98.1 MPH), Distance : 391 ft
Batting: LHB Ryan Karg 0-0: Ball
1-0: Ball
2-0: Ball
3-0: Base on Balls
Batting: LHB Justin Blakely 0-0: Foul Ball, location: 2F
0-1: Foul Ball, location: 2F
0-2: Fielders Choice at 2nd, 1-6 (Groundball, 13, EV 73.1 MPH)
Batting: LHB Ryan Thompson 0-0: Ball
1-0: DOUBLE (Line Drive, 7LM, EV 90.0 MPH)
Justin Blakely to third
Batting: RHB Dennis Coppolino 0-0: Swinging Strike
0-1: Ball
1-1: Swinging Strike
1-2: Strikes out swinging
Top of the 9th over - 1 run, 2 hits, 0 errors, 2 left on base; Greensboro 2 - West Virginia 10
Tuesday, March 28th , 2023 - OOTP Baseball 23.10 Build 110